Map: Mécanisation EC

Players

Sorandom - Winner!

  • Race: Zerg Zerg
  • League: Diamond
  • Spawn Location: 3:00

JustDontDrop

  • Race: Terran Terran
  • League: Diamond
  • Spawn Location: 9:00

VOD

Have the link to the VOD?

Description

Time

  • Played on: April 12, 2019, 6:25 p.m.
  • Length: 8:18
Show
View Real Time Build Order
Export as new Build Order

Sorandom Zerg - Winner!

Build Orders: Hatch First 

Get SALT Encoding   

  12  0:02  Drone  
  13  0:12  Overlord  
  13  0:18  Drone  
  14  0:31  Drone x2  
  17  0:35  Drone  
  17  0:57  Hatchery  
  16  1:08  Spawning Pool  
  16  1:10  Drone  
  16  1:14  Drone  
  16  1:18  Drone  
  18  1:21  Extractor  
  18  1:23  Drone  
  18  1:32  Overlord  
  18  1:54  Queen  
  18  1:55  Zergling x2  
  18  1:56  Zergling x2  
  22  2:04  Drone  
  23  2:09  Drone  
  23  2:13  Queen  
  26  2:15  Drone  
  26  2:20  Metabolic Boost  
  26  2:22  Drone  
  28  2:26  Zergling x2  
  29  2:34  Drone  
  30  2:38  Drone  
  30  2:42  Queen  
  33  2:56  Overlord x2  
  32  3:17  Zergling x16  
  40  3:22  Baneling Nest  
  39  3:32  Zergling x4  
  41  3:44  Drone x3  
  41  3:46  Lair  
  44  4:09  Overlord x2  
  43  4:14  Hatchery  
  42  4:18  Baneling x2  
  42  4:19  Baneling x2  
  42  4:21  Zergling x2  
  42  4:23  Baneling  
  42  4:24  Baneling x2  
  43  4:26  Overlord  
  43  4:30  Drone x3  
  39  4:53  Zergling x18  
  39  4:56  Zergling x2  
  45  5:02  Zergling x4  
  45  5:03  Zergling x4  
  49  5:08  Baneling  
  49  5:09  Baneling  
  49  5:13  Drone  
  49  5:14  Drone x2  
  52  5:15  Extractor  
  52  5:18  Zergling x4  
  53  5:22  Drone  
  53  5:23  Spore Crawler  
  53  5:30  Zergling x6  
  53  5:32  Baneling x2  
  53  5:34  Baneling  
  54  5:43  Zergling x6  
  54  5:44  Zergling x2  
  58  5:56  Zergling x2  
  58  5:57  Zergling x6  
  56  6:07  Baneling x7  
  56  6:08  Zergling x8  
  60  6:14  Zergling x2  
  60  6:16  Zergling x2  
  60  6:17  Zergling x2  
  63  6:20  Zergling x2  
  61  6:40  Zergling x2  
  61  6:41  Zergling x6  
  61  6:46  Zergling x8  
  61  6:47  Zergling x6  
  66  6:53  Zergling x2  
  64  6:58  Zergling x2  
  58  7:03  Zergling x2  
  58  7:10  Zergling x2  
  59  7:22  Zergling x6  
  62  7:23  Zergling x4  
  62  7:25  Baneling x6  
  62  7:28  Baneling  
  62  7:29  Baneling x13  
  64  7:30  Zergling x2  
  64  7:36  Zergling x2  
  66  7:41  Zergling x2  
  68  7:51  Zergling x10  
Show
View Real Time Build Order
Export as new Build Order

JustDontDrop Terran 

Build Orders:  

Get SALT Encoding   

  12  0:01  SCV  
  13  0:13  SCV  
  14  0:18  Supply Depot  
  14  0:25  SCV  
  15  0:39  SCV  
  16  0:43  Barracks  
  16  0:51  SCV  
  17  1:01  Refinery  
  17  1:04  SCV  
  18  1:16  SCV  
  19  1:28  SCV  
  20  1:35  Command Center  
  20  1:37  Marine  
  21  1:40  SCV  
  21  1:46  Supply Depot  
  22  1:55  Marine  
  23  2:01  Orbital Command  
  23  2:10  Factory  
  23  2:25  Supply Depot  
  23  2:31  Barracks Reactor  
  23  2:36  SCV  
  24  2:39  Supply Depot  
  24  2:47  Supply Depot  
  24  2:48  SCV  
  23  3:04  Hellion  
  25  3:07  SCV  
  25  3:09  Marine x2  
  27  3:13  SCV  
  30  3:31  SCV x2  
  31  3:43  SCV x2  
  32  3:51  Hellion x2  
  32  3:52  Supply Depot  
  32  3:55  SCV x2  
  38  4:01  Refinery  
  38  4:07  SCV  
  35  4:12  Hellion x2  
  38  4:19  Supply Depot, SCV  
  38  4:26  Supply Depot  
  38  4:31  SCV  
  38  4:35  Supply Depot  
  38  4:38  Supply Depot  
  43  4:41  Supply Depot  
  42  4:48  Factory Reactor  
  31  5:06  Supply Depot  
  31  5:10  Bunker  
  31  5:11  Marine  
  32  5:18  SCV  
  32  5:19  Factory  
  33  5:24  Factory  
  33  5:29  Supply Depot, Marine  
  33  5:30  Hellion x2, SCV  
  38  5:47  Marine  
  33  5:52  Hellion x2  
  21  6:13  Hellion  
  23  6:37  Factory Reactor  
  19  6:47  Hellion  
  16  6:59  SCV  
  7  7:08  Hellion  
  7  7:19  SCV  
  8  7:31  SCV  
  9  7:38  SCV  
  9  7:43  SCV  
  11  7:51  Widow Mine  
Tags
 
Matchup
TvZ
Replay Pack
Pack
Spawn Locations
Cross Positions
Add a new tag
Caveats
  • Supply blocks, unpowered buildings, or Contaminate may cause inaccurate times.
  • Supply counts are checked every 10 seconds.